Map: Lerilak Crest

Players

Serral - Winner!

  • Race: Zerg Zerg
  • League: Grandmaster

Lambo

  • Race: Zerg Zerg
  • League: Grandmaster

Event: 2016 WCS Winter Challenger Europe

VOD

Have the link to the VOD?

Description

Time

  • Played on: Feb. 13, 2016, 1:31 p.m.
  • Length: 5:24

All games in this series

Show
View Real Time Build Order
Export as new Build Order

Serral Zerg - Winner!

Build Orders: Pool First, Zergling Baneling 

Get SALT Encoding   

  12  0:01  Drone  
  13  0:12  Overlord  
  13  0:16  Drone  
  14  0:30  Drone x2  
  14  0:34  Drone  
  17  0:38  Extractor  
  16  0:45  Drone  
  17  0:50  Spawning Pool  
  17  0:55  Drone  
  17  1:06  Drone  
  18  1:21  Hatchery  
  17  1:25  Drone  
  18  1:37  Queen  
  20  1:42  Metabolic Boost  
  20  1:49  Overlord  
  20  1:57  Baneling Nest  
  20  2:00  Drone  
  20  2:04  Zergling x2  
  20  2:06  Zergling x2  
  22  2:11  Zergling x2  
  23  2:22  Zergling x2  
  24  2:33  Zergling x4  
  24  2:35  Queen  
  28  2:44  Zergling x4  
  28  2:45  Zergling x4  
  32  2:51  Drone  
  32  2:53  Baneling x2  
  32  2:54  Drone  
  32  2:56  Drone  
  35  3:05  Drone  
  35  3:07  Baneling x2  
  35  3:09  Overlord  
  35  3:22  Drone  
  35  3:29  Drone x2  
  35  3:30  Baneling x2  
  36  3:35  Drone x2  
  36  3:39  Overlord  
  37  3:41  Baneling  
  37  3:43  Overlord  
  37  3:45  Zergling x4  
  37  3:46  Zergling x2  
  39  3:53  Zergling x4  
  36  4:07  Spine Crawler  
  36  4:08  Drone x3, Baneling x2  
  38  4:13  Drone  
  38  4:14  Zergling x2  
  38  4:15  Zergling x6  
  43  4:24  Baneling x2  
  43  4:28  Zergling x2  
  43  4:29  Zergling x2  
  45  4:36  Zergling x4  
  45  4:37  Zergling x4  
  45  4:42  Zergling x8  
  49  4:46  Baneling x2  
  49  4:49  Zergling x2  
  49  4:52  Baneling  
  49  4:57  Zergling x2  
  47  5:03  Zergling x4  
  46  5:14  Hatchery  
Show
View Real Time Build Order
Export as new Build Order

Lambo Zerg 

Build Orders: Hatch First, Zergling Baneling 

Get SALT Encoding   

  12  0:01  Drone  
  13  0:12  Overlord  
  13  0:17  Drone  
  14  0:31  Drone x2  
  14  0:34  Drone  
  17  0:51  Hatchery  
  17  0:54  Drone  
  17  1:02  Drone  
  18  1:08  Extractor  
  17  1:14  Spawning Pool  
  17  1:15  Drone  
  17  1:20  Drone  
  18  1:28  Drone  
  19  1:42  Overlord  
  19  1:54  Drone  
  19  2:00  Queen  
  22  2:01  Zergling x2  
  22  2:02  Queen  
  22  2:03  Zergling x2  
  26  2:08  Metabolic Boost  
  26  2:12  Drone  
  26  2:14  Drone  
  28  2:22  Drone  
  29  2:26  Drone  
  30  2:32  Drone  
  30  2:33  Baneling Nest  
  30  2:37  Drone  
  31  2:48  Zergling x2  
  32  2:51  Hatchery  
  32  2:55  Zergling x4  
  33  3:04  Zergling x2  
  32  3:13  Zergling x8  
  32  3:18  Baneling x3  
  34  3:20  Zergling x4  
  32  3:31  Zergling x8  
  34  3:40  Zergling x2  
  32  3:41  Baneling  
  32  3:42  Baneling x2  
  32  3:43  Queen  
  33  3:49  Zergling x2  
  31  3:58  Zergling x6  
  26  4:03  Zergling x2  
  26  4:07  Zergling x2  
  26  4:08  Zergling x2  
  29  4:15  Zergling x2  
  30  4:21  Zergling x2  
  31  4:37  Zergling x2  
  31  4:38  Zergling x4  
  31  4:45  Baneling x2  
  31  4:49  Zergling x2  
  31  4:52  Zergling x2  
  31  4:57  Zergling x2  
  29  5:05  Zergling x6  
Tags
 
Add a new tag
Caveats
  • Supply blocks, unpowered buildings, or Contaminate may cause inaccurate times.
  • Supply counts are checked every 10 seconds.